 Dungeon Sprint DCSS version 0.24.0-123-gd5b16e6ec5 (webtiles) character file.

Game seed: 12280455552898997456, levelgen mode: deterministic

6700000 FessEmpty the Conqueror (level 27, -22/199 HPs)
             Began as a Gargoyle Gladiator on Jan 6, 2020.
             Was the Champion of Makhleb.
             Annihilated by a destroyer
             ... wielding a +9 great sword of slicing
              (178 damage)
             ... in the Dungeon (Sprint VIII: "Arena of Blood").
             The game lasted 00:02:56 (67 turns).

FessEmpty the Conqueror (Gargoyle Gladiator)          Turns: 67, Time: 00:02:56

Health: -22/199    AC: 29    Str: 29    XL:     27
Magic:  31/54      EV: 27    Int: 11    God:    Makhleb [******]
Gold:   0          SH:  0    Dex: 11    Spells: 80/80 levels left

rFire    . . .     SeeInvis .   l - +∞ Axe of Woe
rCold    . . .     Gourm    .   (shield currently unavailable)
rNeg     + . .     Faith    .   b - +0 leather armour
rPois    ∞         Spirit   .   c - +0 helmet
rElec    +         Reflect  .   (no cloak)
rCorr    .         Harm     .   (no gloves)
MR       ++...     NoTele   +   (no boots)
Stlth    +++++++++.             (no amulet)
HPRegen  0.43/turn              (no ring)
MPRegen  0.34/turn              (no ring)

@: slowed, very slow
A: big wings, negative energy resistance 1, electricity resistance, unbreathing,
petrification resistance, rot immunity, AC +20
a: Fly, Minor Destruction, Lesser Servant of Makhleb, Major Destruction, Greater
Servant of Makhleb, Renounce Religion


You were in the Dungeon.
You worshipped Makhleb.
Makhleb was exalted by your worship.
You were not hungry.

You visited 1 branch

Inventory:

Hand Weapons
 a - a +0 war axe
 l - the +∞ Axe of Woe (weapon)
   (You found it in the Dungeon)
Missiles
 d - 3 throwing nets (quivered)
Armour
 b - a +0 leather armour (worn)
 c - a +0 helmet (worn)
Scrolls
 k - a scroll of blinking
Potions
 e - a potion of curing
 g - a potion of heal wounds
 h - a potion of haste
 i - 2 potions of magic
 j - a potion of berserk rage
Comestibles
 f - a ration


   Skills:
 O Level 27 Fighting
 O Level 27 Axes
 O Level 27 Throwing
 O Level 27 Armour
 O Level 27 Dodging
 O Level 27 Stealth
 O Level 27 Unarmed Combat
 O Level 27 Spellcasting
 O Level 27 Invocations


You had 80 spell levels left.
You didn't know any spells.
Your spell library was empty.

Dungeon Overview and Level Annotations

Branches:
Dungeon (1/1)

Altars:
Makhleb


Innate Abilities, Weirdness & Mutations

You are resistant to torment.
Your stone body is resilient. (AC +20)
You are immune to poison.
Your large and strong wings let you fly indefinitely.
You resist negative energy. (rN+)
You are resistant to electric shocks. (rElec)
You can survive without breathing.
You are immune to petrification.
You are immune to rotting.


Message History

You dissect the large abomination like a pig carcass.
You destroy the large abomination!
You are engulfed in blazing flames.
You hear a shout! x5
The tyrant is engulfed in blazing flames.
The tyrant gestures wildly while chanting.
The tyrant seems to speed up.
The meat berserker rages.
You hear a shout! x2
You slice the large abomination!!
You hew the large abomination savagely.
You destroy the large abomination!
You slice the tentacled monstrosity!!
You slaughter the tentacled monstrosity joyfully.
You kill the tentacled monstrosity!
The meat berserker appears out of thin air!
A meat berserker comes into view. It is wielding a +9 battleaxe.
You are engulfed in blazing flames.
You hear a shout! x8
The tyrant is engulfed in blazing flames.
The tyrant waves its bony arms in wide circles.
The air twists around and strikes you!!!
The sculptor of flesh is engulfed in blazing flames.
A destroyer comes into view.
It is wielding a +9 great sword of slicing.
You slash the destroyer!
You fatally mangle the destroyer.
You destroy the destroyer!
Makhleb accepts your kill.
You feel better.
You carve the sculptor of flesh like a ham!!!
You butcher the sculptor of flesh messily.
You destroy the sculptor of flesh!
Makhleb accepts your kill.
You open the tentacled monstrosity like a pillowcase!!!
You butcher the tentacled monstrosity messily.
You kill the tentacled monstrosity!
You slice the tyrant!!
You slaughter the tyrant joyfully.
You destroy the tyrant!
Makhleb accepts your kill.
The tentacled monstrosity disappears in a puff of smoke!
The dread appears out of thin air!
A dread comes into view.
You are engulfed in blazing flames.
You hear a shout! x6
The large abomination is engulfed in blazing flames.
The meat berserker is engulfed in blazing flames.
You hit the large abomination but do no damage.
You cleave the large abomination in twain.
You destroy the large abomination!
You dice the meat berserker like an onion!!!
You butcher the meat berserker messily.
You kill the meat berserker!
Makhleb accepts your kill.
You feel better.
You chop the bag of meat into pieces!!!
You pulverise the bag of meat into a thin bloody mist.
You kill the bag of meat!
Makhleb accepts your kill.
You slice the tyrant!!
You hew the tyrant savagely.
You destroy the tyrant!
Makhleb accepts your kill.
The tentacled monstrosity disappears in a puff of smoke!
The large abomination disappears in a puff of smoke! x4
You are engulfed in blazing flames.
You hear a shout! x2
The accursed is engulfed in blazing flames.
You hear a shout! x2
You hit the accursed.
You butcher the accursed messily.
You destroy the accursed!
Makhleb accepts your kill.
You feel extremely nervous for a moment...
You feel yourself slow down.
You feel horribly lethargic.
You are engulfed in blazing flames.
The destroyer blinks!
The meat berserker rages.
You hear a shout!
The meat berserker is engulfed in blazing flames.
The meat berserker rages.
You hear a shout! x2
You dice the meat berserker like an onion!!!
You butcher the meat berserker messily.
You kill the meat berserker!
Makhleb accepts your kill.
You feel better.
You slice the large bag of meat!!
You fatally mangle the large bag of meat.
The large bag of meat explodes!
The fiery explosion engulfs the large abomination!!
The fiery explosion engulfs the bag of meat!!
The bag of meat dies!
The fiery explosion engulfs you but does no damage.
Makhleb accepts your kill.
The dread appears out of thin air!
A dread comes into view.
You are engulfed in blazing flames.
You hear a shout! x4
The destroyer blinks!
You hear a shout! x4
The dread is engulfed in blazing flames.
The dread throws damnation at you.
The sphere of damnation explodes!
The damnation engulfs you!
The large abomination is engulfed in blazing flames.
You slice the large abomination like a ripe choko!!!
You chop the large abomination into pieces.
You destroy the large abomination!
Makhleb accepts your kill.
You feel better.
You hit the bag of meat.
You butcher the bag of meat messily.
You kill the bag of meat!
Makhleb accepts your kill.
You slice the destroyer!!
You hew the destroyer savagely.
You destroy the destroyer!
Makhleb accepts your kill.
You are engulfed in blazing flames.
You hear a shout!
The meat berserker is engulfed in blazing flames.
You hear a shout!
A destroyer comes into view.
It is wielding a +9 great sword of slicing.
You hear a shout! x2
The bag of meat is engulfed in blazing flames.
The meat berserker hits you with a +9 battleaxe!!!
The dread is engulfed in blazing flames.
You hear a shout!
The destroyer blinks!
You open the bag of meat like a pillowcase!!!
You hew the bag of meat savagely.
You kill the bag of meat!
Makhleb accepts your kill.
You feel better.
You hit the dread.
You dissect the dread like a pig carcass.
You destroy the dread!
Makhleb accepts your kill.
You slice the meat berserker!!
You fatally mangle the meat berserker.
You kill the meat berserker!
Makhleb accepts your kill.
You are engulfed in blazing flames.
You hear a shout! x5
The destroyer blinks!
You hear a shout! x8
The destroyer blinks!
You hear a shout! x2
The dread calls on the powers of darkness!
Your body is wracked with pain!
The bag of meat convulses!
A meat beast comes into view.
The meat beast appears out of thin air!
A meat beast comes into view.
You hear a shout! x4
The destroyer is engulfed in blazing flames.
You hear a shout! x2
The destroyer blinks!
You hear a shout!
The dread throws damnation at you.
The sphere of damnation explodes!
The damnation engulfs you!!!
You hear a shout! x3
The destroyer is engulfed in blazing flames.
You hear a shout! x2; The meat beast howls!
The meat beast roars deafeningly!
Items here: ))) === You hit the destroyer.
You slaughter the destroyer joyfully.
You destroy the destroyer!
Makhleb accepts your kill.
You feel better.
You hear a shout! x9
A destroyer comes into view.
It is wielding a +9 great sword of slicing.
A meat beast comes into view.
A meat berserker comes into view. It is wielding a +9 battleaxe.
You hear a shout!
The meat beast is engulfed in blazing flames.
The meat beast bites you but does no damage.
The meat beast tramples you but does no damage.
You hear a shout! x3
The destroyer shouts!
The meat beast croaks.
You slash the meat beast!
You pulverise the meat beast into a thin bloody mist.
You kill the meat beast!
Makhleb accepts your kill.
You feel better.
You hear a shout! x3
A meat berserker comes into view. It is wielding a +9 battleaxe.
You hear a shout! x6
The destroyer blinks!
The dread is engulfed in blazing flames.
The dread calls on the powers of darkness!
Your body is wracked with pain!
The bag of meat convulses!
The meat berserker convulses!
You hear a shout! x8
A large bag of meat comes into view. It is wielding a +9 giant spiked club.
The meat berserker moves out of view.
You hear a shout! x2
The meat beast is engulfed in blazing flames.
The meat beast bellows, "Decamp, thou puking spleeny maggot-pie!"
You hear a shout!
The destroyer blinks!
The dread is engulfed in blazing flames.
The destroyer blinks!
You hear a shout!
A meat berserker comes into view. It is wielding a +9 battleaxe. x2
The meat berserker rages.
You hear a shout! x2
The meat beast is engulfed in blazing flames.
The meat beast misses you.
The meat beast tramples you but does no damage.
You hear a shout!
The destroyer is engulfed in blazing flames.
The destroyer hits you with a +9 great sword of slicing!!!!!
Ouch! That really hurt!
You die...

.#.O.....#.....#
........O#_.<._# .
.#.......#.....#....
..%#..)))).._.......
......)O)))###....o.
.....O###O..%...###.
........#.)..%..#
......2§#V).....#
..O..†)W2@%.......
#.#..§☼)oV..%.§...
.#...§))).........
#.#.............O#
#....%#........#
.....§..........#
.....%##.#.......
...... ..........
..#### ...#.....


You could see 2 meat beasts, 2 destroyers, a large bag of meat (inner flame), a
dread, 4 meat berserkers and a bag of meat.

Vanquished Creatures
  A hell beast (D)
  A greater mummy (D)
  A wraith (D)
  13 vampire knights (D)
  25 ogres (D)
  8 two-headed ogres (D)
  3 liches (D)
  33 orcs (D)
  3 skeletal warriors (D)
  4 small abominations (D)
  A large abomination (D)
  8 crawling corpses (D)
101 creatures vanquished.

Vanquished Creatures (others)
  A hydra (D)
  An orc (D)
  2 crawling corpses (D)
4 creatures vanquished.

Grand Total: 105 creatures vanquished

Notes
Turn   | Place    | Note
-------+----------+-------------------------------------------
     0 | D        | Found the +∞ Axe of Woe
     0 | D        | FessEmpty the Gargoyle Gladiator began the quest for the
                  | Orb.
     0 | D        | Reached XP level 1. HP: 12/12 MP: 1/1
     2 | D        | Noticed a bag of meat
     3 | D        | Noticed a meat berserker
     4 | D        | Became a worshipper of Makhleb the Destroyer
     4 | D        | Noticed a bag of meat
     5 | D        | Noticed a bag of meat
     7 | D        | Noticed a meat berserker
     8 | D        | Killed a bag of meat
     8 | D        | Reached XP level 2. HP: 40/40 MP: 2/2
     8 | D        | Reached XP level 3. HP: 45/45 MP: 3/3
     8 | D        | Reached XP level 4. HP: 51/51 MP: 4/4
     8 | D        | Reached XP level 5. HP: 56/56 MP: 5/5
     8 | D        | Reached XP level 6. HP: 62/62 MP: 6/6
     8 | D        | Reached XP level 7. HP: 67/67 MP: 7/7
     8 | D        | Reached XP level 8. HP: 72/72 MP: 8/8
     8 | D        | Reached XP level 9. HP: 78/78 MP: 9/9
     8 | D        | Reached XP level 10. HP: 84/84 MP: 10/10
     8 | D        | Reached XP level 11. HP: 89/89 MP: 11/11
     8 | D        | Reached XP level 12. HP: 95/95 MP: 12/12
     8 | D        | Noticed a meat berserker
     8 | D        | Noticed a meat berserker
     8 | D        | Noticed a bag of meat
     8 | D        | Noticed a bag of meat
     8 | D        | Noticed a bag of meat
     8 | D        | Noticed a bag of meat
     8 | D        | Noticed a bag of meat
     9 | D        | Killed a meat berserker
     9 | D        | Reached * piety under Makhleb
     9 | D        | Reached skill level 15 in Axes
     9 | D        | Reached XP level 13. HP: 108/108 MP: 13/13
     9 | D        | Gained mutation: Your large and strong wings let you fly
                  | indefinitely. [Gargoyle growth]
     9 | D        | Reached XP level 14. HP: 114/114 MP: 14/14
     9 | D        | Noticed a bag of meat
     9 | D        | Noticed a meat berserker
    10 | D        | Killed a bag of meat
    10 | D        | Reached skill level 15 in Dodging
    10 | D        | Noticed a meat berserker
    11 | D        | Killed a meat berserker
    11 | D        | Reached skill level 27 in Fighting
    11 | D        | Reached XP level 15. HP: 69/127 MP: 15/15
    11 | D        | Killed a meat berserker
    11 | D        | Reached ** piety under Makhleb
    11 | D        | Reached XP level 16. HP: 133/133 MP: 16/16
    11 | D        | Noticed a meat berserker
    14 | D        | Killed a meat berserker
    14 | D        | Reached XP level 17. HP: 139/139 MP: 17/17
    14 | D        | Reached *** piety under Makhleb
    14 | D        | Reached skill level 27 in Armour
    15 | D        | Killed a meat berserker
    15 | D        | Reached XP level 18. HP: 145/145 MP: 18/18
    15 | D        | Reached skill level 27 in Axes
    17 | D        | Killed a meat berserker
    17 | D        | Reached **** piety under Makhleb
    17 | D        | Reached skill level 27 in Dodging
    17 | D        | Reached XP level 19. HP: 151/151 MP: 18/31
    18 | D        | Killed a meat berserker
    18 | D        | Noticed a meat berserker
    18 | D        | Noticed a meat berserker
    18 | D        | Noticed a meat berserker
    19 | D        | Reached skill level 27 in Invocations
    20 | D        | Noticed a destroyer
    20 | D        | Noticed a large bag of meat
    21 | D        | Reached ***** piety under Makhleb
    21 | D        | Reached XP level 20. HP: 157/157 MP: 18/37
    22 | D        | Killed a destroyer
    22 | D        | Reached skill level 27 in Stealth
    22 | D        | Killed a meat berserker
    22 | D        | Reached XP level 21. HP: 163/163 MP: 18/48
    22 | D        | Noticed a meat berserker
    23 | D        | Noticed a destroyer
    23 | D        | Reached skill level 27 in Spellcasting
    24 | D        | Killed a meat berserker
    24 | D        | Reached XP level 22. HP: 169/169 MP: 19/53
    24 | D        | Noticed a destroyer
    25 | D        | Reached ****** piety under Makhleb
    26 | D        | Noticed a large bag of meat
    26 | D        | Noticed a large bag of meat
    27 | D        | Noticed a large bag of meat
    27 | D        | Killed a destroyer
    27 | D        | Reached skill level 27 in Throwing
    27 | D        | Reached skill level 27 in Unarmed Combat
    27 | D        | Reached XP level 23. HP: 175/175 MP: 20/54
    28 | D        | Noticed a large bag of meat
    30 | D        | Noticed a large bag of meat
    31 | D        | Noticed a destroyer
    31 | D        | Killed a large bag of meat
    31 | D        | HP: 4/175 [large bag of meat/exploding inner flame (11)]
    31 | D        | Reached XP level 24. HP: 181/181 MP: 21/54
    31 | D        | Noticed a destroyer
    32 | D        | Killed a large bag of meat
    33 | D        | Killed a large bag of meat
    33 | D        | Noticed a destroyer
    34 | D        | Killed a large bag of meat
    35 | D        | Noticed a large bag of meat
    36 | D        | Noticed a large bag of meat
    37 | D        | Killed a destroyer
    37 | D        | Reached XP level 25. HP: 186/187 MP: 22/54
    38 | D        | Reached XP level 26. HP: 193/193 MP: 23/54
    38 | D        | Killed a destroyer
    39 | D        | Noticed a destroyer
    40 | D        | Noticed a destroyer
    42 | D        | Killed a large bag of meat
    42 | D        | Reached XP level 27. HP: 199/199 MP: 24/54
    42 | D        | Killed a large bag of meat
    42 | D        | Killed a destroyer
    43 | D        | Killed a destroyer
    44 | D        | Noticed a tyrant
    45 | D        | Noticed a tyrant
    45 | D        | Killed a destroyer
    45 | D        | Noticed a destroyer
    46 | D        | Noticed a destroyer
    47 | D        | Noticed an accursed
    48 | D        | Killed a destroyer
    51 | D        | Noticed a tyrant
    51 | D        | Killed a tyrant
    51 | D        | Noticed a destroyer
    51 | D        | Noticed a destroyer
    54 | D        | Killed a large bag of meat
    55 | D        | Killed a destroyer
    56 | D        | Killed a destroyer
    57 | D        | Noticed a destroyer
    58 | D        | Killed a destroyer
    58 | D        | Killed a tyrant
    59 | D        | Noticed a dread
    59 | D        | Killed a tyrant
    60 | D        | Killed an accursed
    61 | D        | Killed a large bag of meat
    62 | D        | Noticed a dread
    62 | D        | Killed a destroyer
    62 | D        | Noticed a destroyer
    63 | D        | Killed a dread
    64 | D        | Noticed a meat beast
    64 | D        | Noticed a meat beast
    65 | D        | Killed a destroyer
    65 | D        | Noticed a destroyer
    65 | D        | Noticed a meat beast
    66 | D        | Killed a meat beast
    66 | D        | Noticed a large bag of meat
    67 | D        | Annihilated by a destroyer

Levels and vault maps discovered:
D:        meatsprint

Skill      XL: |  1  2  3  4  5  6  7  8  9 10 11 12 13 14 15 16 17 18 19 20 21 22 |
---------------+-------------------------------------------------------------------+-----
Fighting       | 19 23 27 | 27.0
Axes           | 12 15 18 20 23 26 27 | 27.0
Armour         | 14 17 20 23 26 27 | 27.0
Dodging        | 11 14 17 19 21 24 27 | 27.0
Invocations    | 17 27 | 27.0
Stealth        | 24 27 | 27.0
Spellcasting   | 23 27 | 27.0
Throwing       | 22 27 | 27.0
Unarmed Combat | 27 | 27.0

Action                   |  1- 3 |  4- 6 |  7- 9 | 10-12 | 13-15 | 16-18 | 19-21 | 22-24 | 25-27 || total
-------------------------+-------+-------+-------+-------+-------+-------+-------+-------+-------++-------
Melee: Executioner's axe |     1 |       |       |     1 |     2 |     4 |     7 |     7 |    27 ||    49
 Stab: Distracted        |       |       |       |       |       |       |       |       |     1 ||     1
Armor: Leather armour    |       |       |       |       |       |       |       |     2 |    10 ||    12
Dodge: Dodged            |       |       |       |       |       |     1 |       |     4 |     2 ||     7
